 Dungeon Crawl Stone Soup version 0.29-a0-542-g075992c915 (webtiles) character file.

Game seed: 4633756520389976884

170 Essalna the Sneak (level 5, -2/24 HPs)
             Began as a Spriggan Enchanter on June 4, 2022.
             Slain by a gnoll
             ... wielding a +0 spear
              (7 damage)
             ... on level 3 of the Dungeon.
             The game lasted 00:08:55 (3705 turns).

Essalna the Sneak (Spriggan Enchanter)              Turns: 3705, Time: 00:08:56

Health: -2/24      AC:  2    Str:  4    XL:     5   Next: 26%
Magic:  10/10      EV: 18    Int: 19    God:
Gold:   152        SH:  0    Dex: 15    Spells: 6/9 levels left

rFire   . . .      SeeInvis +   k - +0 short sword (freeze)
rCold   . . .      Faith    .   (no shield)
rNeg    . . .      Spirit   .   b - +0 robe
rPois   .          Reflect  .   (helmet restricted)
rElec   .          Harm     .   (no cloak)
rCorr   .          Rampage  .   (gloves unavailable)
Will    .....                   (boots unavailable)
Stlth   +++.......              (no amulet)
HPRegen 0.08/turn               (no ring)
MPRegen 0.12/turn               (no ring)

@: very quick
A: very small, no large weapons, unfitting armour, see invisible, speed 3
a: no special abilities


You were on level 3 of the Dungeon.
You visited 1 branch of the dungeon, and saw 3 of its levels.

You collected 152 gold pieces.

Inventory:

Hand Weapons
 a - a +1 dagger
 k - a +0 short sword of freezing (weapon)
Armour
 b - a +0 robe (worn)
Scrolls
 e - a scroll of amnesia {unknown}
 h - 2 scrolls of teleportation {unknown}
 i - a scroll of vulnerability {unknown}
 j - 5 scrolls of identify {unknown}
 m - a scroll of brand weapon {unknown}
Potions
 c - 2 potions of invisibility
 d - 2 potions of brilliance {unknown}
 f - 2 potions of heal wounds {unknown}
 g - 2 potions of curing {unknown}
 l - a potion of haste {unknown}


   Skills:
 + Level 2.8 Short Blades
 + Level 4.4 Dodging
 + Level 6.0 Stealth
 - Level 2.6 Spellcasting
 + Level 4.8 Hexes


You had 6 spell levels left.
You knew the following spells:

 Your Spells              Type           Power      Damage    Failure   Level
a - Confusing Touch       Hex            20%        N/A       6%          3

Your spell library contained the following spells:

 Spells                   Type           Power      Damage    Failure   Level
 Tukima's Dance           Hex            20%        N/A       6%          3
 Ensorcelled Hibernation  Hex/Ice        22%        N/A       9%          2
 Magic Dart               Conj           8%         1d3       16%         1
 Dazzling Flash           Conj/Hex       22%        N/A       17%         3
 Blink                    Tloc           4%         N/A       24%         2
 Call Imp                 Summ           2%         N/A       24%         2
 Passwall                 Tmut/Erth      1%         N/A       24%         2
 Conjure Flame            Conj/Fire      2%         6-21      43%         3
 Ignite Poison            Fire/Tmut/Pois 2%         N/A       43%         3
 Lesser Beckoning         Tloc           2%         N/A       43%         3
 Mephitic Cloud           Conj/Pois/Air  2%         N/A       43%         3
 Swiftness                Air            2%         N/A       43%         3
 Sticky Flame             Conj/Fire      2%         2d3       83%         4
 Manifold Assault         Tloc           2%         N/A       99%         5


Dungeon Overview and Level Annotations

Branches:
Dungeon (3/15)

Altars:
Qazlal


Innate Abilities, Weirdness & Mutations

You are very small and have problems with some larger weapons.
You are too small for most types of armour.
You have supernaturally acute eyesight. (SInv)
You cover ground extremely quickly. (Speed+++)


Message History

Key pressed, stopping explore.
Key pressed, stopping explore.
There is a stone staircase leading up here.
Items here: )) [ รท.
You see here a +0 war axe.
A goblin comes into view. It is wielding a +0 club.
A quokka comes into view.
Found a stone staircase leading down.
Found a scroll labelled NANO MEDIO.
The goblin shouts!
You hit the goblin. You freeze the goblin.
The goblin is severely wounded.
The goblin closely misses you.
You hit the goblin. You freeze the goblin.
You kill the goblin!
The quokka closely misses you.
You miss the quokka. The quokka bites you.
You closely miss the quokka. The quokka misses you.
You hit the quokka. You freeze the quokka.
You kill the quokka!
Your Stealth skill increases to level 6!
No target in view!
No target in view!
j - 5 scrolls labelled NANO MEDIO (gained 1)
Found a dire flail.
You see here a +0 dire flail.
Key pressed, stopping explore. 2 gnolls come into view.
There are monsters nearby!
A gnoll comes into view. It is wielding a +0 spear.
The gnoll hits you from afar with a +0 spear.
The gnoll shouts!
You hit the gnoll. You freeze the gnoll.
The gnoll is lightly wounded.
The gnoll misses you.
The gnoll hits you from afar with a +0 spear!
The gnoll hits you with a +0 whip.
* * * LOW HITPOINT WARNING * * *
The gnoll hits you from afar with a +0 spear!
You die...

#.#######.##>#
#.#..........#.#
#.#.#####.####.##
#.#.# #.# #..#
#.#.# #.# #..#
#.#.#####.# #..#
#.#...)...# #..#
#.############..#
#.............@.#
##############.##
#ggg.# ######


You could see 2 gnolls.

Vanquished Creatures
  2 orc priests (D:3)
  2 adders
  A gnoll (D:1)
  4 worms (D:2)
  A dart slug (D:1)
  6 orcs (D:3)
  5 ball pythons
  3 bats (D:1)
  7 endoplasms
  2 giant cockroaches
  5 hobgoblins
  4 jackals (D:1)
  3 quokkas
  3 frilled lizards
  7 goblins
  3 kobolds
  6 rats
64 creatures vanquished.

Notes
Turn   | Place    | Note
-------+----------+-------------------------------------------
     0 | D:1      | Essalna the Spriggan Enchanter began the quest for the Orb.
     0 | D:1      | Reached XP level 1. HP: 9/9 MP: 5/5
   105 | D:1      | Reached XP level 2. HP: 13/13 MP: 6/6
   623 | D:1      | Reached skill level 5 in Stealth
   720 | D:1      | Reached XP level 3. HP: 16/16 MP: 8/8
   969 | D:1      | Found a faded altar of an unknown god.
  1408 | D:1      | Learned a level 3 spell: Confusing Touch
  1809 | D:2      | Reached XP level 4. HP: 4/21 MP: 5/9
  3130 | D:3      | Reached XP level 5. HP: 24/24 MP: 10/10
  3287 | D:3      | Found a stormy altar of Qazlal.
  3613 | D:3      | Reached skill level 6 in Stealth
  3705 | D:3      | Slain by a gnoll

Illustrated notes

Levels and vault maps discovered:
D:1:      shiori_arrival_maze, layout_loops_ring,
          hellmonk_ecumenical_altar_lost_god, bh_walls_and_bars
D:2:      minmay_alternating_diamond, layout_rooms,
          chequers_serial_rivers_room_b
D:3:      layout_basic, lemuel_coloured_pillars_altar,
          minmay_misc_feat_four_crosses, st_stairs_2, minmay_misc_feat_rugged

Skill      XL: |  1  2  3  4  5 |
---------------+----------------+-----
Dodging        | 3 4 |  4.4
Hexes          | 4 |  4.8
Stealth        | 5 6 |  6.0
Short Blades   | 2 |  2.8
Spellcasting   | |  2.6

Action                   |  1- 3 |  4- 6 || total
-------------------------+-------+-------++-------
Melee: Dagger            |   132 |    46 ||   178
       Punch             |     2 |     1 ||     3
       Short sword       |       |    25 ||    25
 Cast: Confusing Touch   |     2 |     9 ||    11
 Stab: Sleeping          |    10 |     4 ||    14
       Confused          |     3 |     7 ||    10
       Distracted        |     1 |       ||     1
Armor: Robe              |    18 |     1 ||    19
Dodge: Dodged            |   105 |    39 ||   144

Table legend: (Time is in decaauts)
 A = Elapsed time spent in this place.
 B = Non-inter-level travel time spent in this place.
 C = Inter-level travel time spent in this place.
 D = Time resting spent in this place.
 E = Time spent auto-exploring this place.
 F = Levels seen in this place.
 G = Mean time per level.
                   A        B        C        D        E       F      G
               +--------+--------+--------+--------+--------+-----+--------+
         Total |   2871 |   2845 |     26 |      0 |   2366 |   3 |  957.0 |
       Dungeon |   2871 |   2845 |     26 |      0 |   2366 |   3 |  957.0 |
               +--------+--------+--------+--------+--------+-----+--------+

Top non-repeatable levels by time:
     D:1: 1230 daAuts
     D:2: 883 daAuts
     D:3: 757 daAuts
